 Dungeon Crawl Stone Soup version 0.29.1-4-g47bece8355 (webtiles) character file.

Game seed: 11644102857504357103

134 zeram the Grave Robber (level 5, 0/37 HPs)
             Began as a Gnoll Necromancer on Dec 9, 2022.
             Slain by Ijyb
             ... wielding a +0 dagger
              (3 damage)
             ... on level 3 of the Dungeon.
             The game lasted 00:05:14 (3078 turns).

zeram the Grave Robber (Gnoll Necromancer)          Turns: 3078, Time: 00:05:15

Health: 0/37       AC:  3    Str:  8    XL:     5   Next: 17%
Magic:  12/12      EV: 10    Int: 16    God:
Gold:   103        SH:  0    Dex: 12    Spells: 6/14 levels left

rFire   . . .      SeeInvis .   d - +0 short sword
rCold   . . .      Faith    .   (no shield)
rNeg    . . .      Spirit   .   a - +0 robe
rPois   .          Reflect  .   (no helmet)
rElec   +          Harm     .   (no cloak)
rCorr   .          Rampage  .   g - +0 pair of gloves
Will    .....                   (no boots)
Stlth   +.........              (no amulet)
HPRegen 0.12/turn               (no ring)
MPRegen 0.13/turn               (no ring)

@: confused, ambrosia-drunk, grasped by roots, constricted
A: fangs 1, strong nose, distributed training, electricity resistance
a: no special abilities


You were on level 3 of the Dungeon.
You visited 1 branch of the dungeon, and saw 3 of its levels.

You collected 103 gold pieces.

Inventory:

Hand Weapons
 d - a +0 short sword (weapon)
Armour
 a - a +0 robe (worn)
 g - a +0 pair of gloves (worn)
Scrolls
 h - a scroll of teleportation
Potions
 b - a potion of magic
 c - a potion of ambrosia
 i - a potion of might {unknown}
 j - a potion of brilliance {unknown}
 k - 2 potions of curing {unknown}


   Skills:
 + Level 1.4 Fighting
 + Level 1.4 Short Blades
 + Level 1.4 Long Blades
 + Level 1.4 Axes
 + Level 1.4 Maces & Flails
 + Level 1.4 Polearms
 + Level 1.4 Staves
 + Level 1.4 Ranged Weapons
 + Level 1.4 Throwing
 + Level 1.4 Armour
 + Level 4.7 Dodging
 + Level 4.4 Stealth
 + Level 1.4 Shields
 + Level 1.4 Unarmed Combat
 + Level 5.2 Spellcasting
 + Level 1.1 Conjurations
 + Level 1.1 Hexes
 + Level 1.1 Summonings
 + Level 7.2 Necromancy
 + Level 1.1 Translocations
 + Level 1.1 Transmutations
 + Level 1.1 Fire Magic
 + Level 1.1 Ice Magic
 + Level 1.1 Air Magic
 + Level 1.1 Earth Magic
 + Level 1.1 Poison Magic
 + Level 1.6 Invocations
 + Level 1.4 Evocations


You had 6 spell levels left.
You knew the following spells:

 Your Spells              Type           Power      Damage    Failure   Level
a - Necrotise             Necr           100%       1d9       1%          1
b - Vampiric Draining     Necr           27%        2d7       2%          3
c - Summon Lightning Spi  Summ/Air       7%         N/A       67%         4

Your spell library contained the following spells:

 Spells                   Type           Power      Damage    Failure   Level
 Animate Dead             Necr           27%        N/A       8%          4
 Apportation              Tloc           14%        N/A       10%         1
 Agony                    Necr           27%        N/A       22%         5
 Airstrike                Air            3%         2d(1-17)  67%         4
 Alistair's Intoxication  Tmut/Pois      4%         N/A       95%         5
 Lightning Bolt           Conj/Air       3%         1d15      95%         5


Dungeon Overview and Level Annotations

Branches:
Dungeon (3/15)

Altars:

Annotations:
D:3 Ijyb, Robin


Innate Abilities, Weirdness & Mutations

You have very sharp teeth.
Your uncanny sense of smell can sniff out nearby items.
Your experience applies equally to all skills.
You are resistant to electric shocks. (rElec)


Message History

The goblin is severely wounded.
Your goblin skeleton hits the bat.
The goblin hits you but does no damage. The bat hits your goblin skeleton.
Ijyb zaps a wand.
The roots erupt in riotous growth!
The grasping roots grab you!
The goblin is unaffected.
Ijyb is unaffected.
The goblin is unaffected.
The grasping roots constrict you!
* * * LOW HITPOINT WARNING * * *
The goblin hits you with a +0 club.
* * * LOW HITPOINT WARNING * * *
The frilled lizard bites your goblin skeleton.
The rat bites your goblin skeleton.
You hit the goblin.
You kill the goblin!
The bat barely misses your goblin skeleton.
Your goblin skeleton closely misses the rat.
The frilled lizard bites your goblin skeleton.
Your goblin skeleton is destroyed!
The rat bites your goblin skeleton. The goblin closely misses you.
Ijyb hits you with a +0 dagger.
* * * LOW HITPOINT WARNING * * *
The grasping roots constrict you.
* * * LOW HITPOINT WARNING * * *
Robin's horned helmet rattles.
Robin throws the goblin at you!
* * * LOW HITPOINT WARNING * * *
You are too confused!
It was a potion of mutation.
You feel extremely strange.
You feel less in control of your magic.
You regain control of your magic.
You feel insulated.
The bat barely misses your goblin skeleton.
Your goblin skeleton completely misses the rat.
The goblin hits you with a +0 club.
* * * LOW HITPOINT WARNING * * *
The frilled lizard bites your goblin skeleton.
Your goblin skeleton is destroyed!
The goblin misses you.
Robin says, "Kneel, worm!"
Ijyb hits you with a +0 dagger.
You die...

..g ###### #.g ∆
#.....#rl #.......
#....)Z# #....gl###
###. #...ZZrb.#
####....#
#.....##g###....##..
#....[ #g@#.........
###### ##g#P..8......
####....P..(....
......#..)..........#
........)...........##.
.......##)..........)#.
......................
########..#........#.#.
##..........#.#.


You could see Ijyb, Robin, 2 goblins, a bat, a frilled lizard, a rat and a hound
skeleton.

Vanquished Creatures
  An orc priest (D:3)
  An orc wizard (D:2)
  2 adders (D:2)
  An adder skeleton (D:3)
  3 dart slugs
  6 orcs
  5 ball pythons
  3 endoplasms (D:2)
  2 giant cockroaches
  6 goblins
  3 hobgoblins
  2 quokkas (D:1)
  4 bats
  2 frilled lizards (D:2)
  5 kobolds
  A rat (D:1)
47 creatures vanquished.

Vanquished Creatures (collateral kills)
  A goblin (D:3)
1 creature vanquished.

Vanquished Creatures (others)
  A withered plant (D:3)
1 creature vanquished.

Grand Total: 49 creatures vanquished

Notes
Turn   | Place    | Note
-------+----------+-------------------------------------------
     0 | D:1      | zeram the Gnoll Necromancer began the quest for the Orb.
     0 | D:1      | Reached XP level 1. HP: 13/13 MP: 6/6
   506 | D:1      | Reached XP level 2. HP: 17/20 MP: 7/7
  1541 | D:2      | Reached skill level 5 in Spellcasting
  1541 | D:2      | Reached XP level 3. HP: 25/25 MP: 7/9
  1731 | D:2      | Found a faded altar of an unknown god.
  1949 | D:2      | Learned a level 3 spell: Vampiric Draining
  2125 | D:2      | Reached skill level 1 in Invocations
  2207 | D:2      | Reached skill level 1 in Fighting
  2207 | D:2      | Reached skill level 1 in Short Blades
  2207 | D:2      | Reached skill level 1 in Long Blades
  2207 | D:2      | Reached skill level 1 in Axes
  2207 | D:2      | Reached skill level 1 in Maces & Flails
  2207 | D:2      | Reached skill level 1 in Polearms
  2207 | D:2      | Reached skill level 1 in Staves
  2207 | D:2      | Reached skill level 1 in Ranged Weapons
  2207 | D:2      | Reached skill level 1 in Throwing
  2207 | D:2      | Reached skill level 1 in Armour
  2207 | D:2      | Reached skill level 1 in Shields
  2207 | D:2      | Reached skill level 1 in Unarmed Combat
  2207 | D:2      | Reached skill level 1 in Evocations
  2600 | D:2      | Reached XP level 4. HP: 21/32 MP: 4/11
  2606 | D:2      | Learned a level 4 spell: Summon Lightning Spire
  2722 | D:2      | Reached skill level 1 in Conjurations
  2722 | D:2      | Reached skill level 1 in Hexes
  2722 | D:2      | Reached skill level 1 in Summonings
  2722 | D:2      | Reached skill level 1 in Translocations
  2722 | D:2      | Reached skill level 1 in Transmutations
  2722 | D:2      | Reached skill level 1 in Fire Magic
  2722 | D:2      | Reached skill level 1 in Ice Magic
  2722 | D:2      | Reached skill level 1 in Air Magic
  2722 | D:2      | Reached skill level 1 in Earth Magic
  2722 | D:2      | Reached skill level 1 in Poison Magic
  2989 | D:3      | Reached XP level 5. HP: 30/37 MP: 7/12
  3055 | D:3      | Noticed Robin
  3061 | D:3      | Noticed Ijyb
  3078 | D:3      | Gained mutation: Your spells are a little harder to cast,
                  | but a little more powerful. [potion of mutation]
  3078 | D:3      | Lost mutation: Your spells are a little harder to cast, but
                  | a little more powerful. [potion of mutation]
  3078 | D:3      | Gained mutation: You are resistant to electric shocks.
                  | (rElec) [potion of mutation]
  3078 | D:3      | Slain by Ijyb

Illustrated notes

Levels and vault maps discovered:
D:1:      dpeg_arrival_three_same_balls, layout_loops_corners, minmay_surrounded
D:2:      layout_loops_ring, ebering_ecumenical_altar_webs
D:3:      layout_rooms, serial_undead, serial_undead_d, serial_undead_a,
          serial_undead_c, serial_undead_f, serial_undead_c,
          gammafunk_ghost_mausoleum, uniq_robin, uniq_ijyb

Skill      XL: |  1  2  3  4 |
---------------+-------------+-----
Spellcasting   | 5 |  5.2
Invocations    | 1 |  1.6
Fighting       | 1 |  1.4
Short Blades   | 1 |  1.4
Long Blades    | 1 |  1.4
Axes           | 1 |  1.4
Maces & Flails | 1 |  1.4
Polearms       | 1 |  1.4
Staves         | 1 |  1.4
Ranged Weapons | 1 |  1.4
Throwing       | 1 |  1.4
Armour         | 1 |  1.4
Shields        | 1 |  1.4
Unarmed Combat | 1 |  1.4
Evocations     | 1 |  1.4
Conjurations   | 1 |  1.1
Hexes          | 1 |  1.1
Summonings     | 1 |  1.1
Translocations | 1 |  1.1
Transmutations | 1 |  1.1
Fire Magic     | 1 |  1.1
Ice Magic      | 1 |  1.1
Air Magic      | 1 |  1.1
Earth Magic    | 1 |  1.1
Poison Magic   | 1 |  1.1
Dodging        | |  4.7
Stealth        | |  4.4
Necromancy     | |  7.2

Action                   |  1- 3 |  4- 6 || total
-------------------------+-------+-------++-------
Melee: Short sword       |   107 |    21 ||   128
       Unarmed           |     3 |       ||     3
       Bite              |     8 |     1 ||     9
       Punch             |     1 |     1 ||     2
 Cast: Necrotise         |    16 |    23 ||    39
       Vampiric Draining |     1 |     3 ||     4
  Use: Scroll            |     5 |       ||     5
       Potion            |       |     3 ||     3
 Stab: Sleeping          |    11 |       ||    11
Armor: Robe              |    26 |    22 ||    48
Dodge: Dodged            |    69 |    47 ||   116
